 Dungeon Crawl Stone Soup version 0.29.1-15-g9cfb28693d (webtiles) character file.

Game seed: 7337832442866353928

16 Ast3rio the Insei (level 2, 0/22 HPs)
             Began as a Djinni Transmuter on Mar 13, 2023.
             Slain by a bat (1 damage)
             ... on level 1 of the Dungeon.
             The game lasted 00:01:10 (992 turns).

Ast3rio the Insei (Djinni Transmuter)                Turns: 992, Time: 00:01:11

Health: 0/22       AC:  2    Str:  9    XL:     2   Next: 75%
Gold:   68         EV: 12    Int: 14    God:
                   SH:  0    Dex: 13

rFire   + + .      SeeInvis .     - Unarmed
rCold   x . .      Faith    .   (no shield)
rNeg    . . .      Spirit   .   a - +0 robe
rPois   ∞          Reflect  .   (helmet currently unavailable)
rElec   .          Harm     .   (no cloak)
rCorr   .          Rampage  .   (no gloves)
Will    .....                   (boots unavailable)
Stlth   +.........              (no amulet)
HPRegen 0.07/turn               (no ring)
MPRegen 0.00/turn               (no ring)

@: appendages, flying
A: horns 2, flying, sickness immunity, fire resistance 2, cold vulnerability 1,
float, innate caster, HP casting, extra vitality 1
a: End Transformation


You were on level 1 of the Dungeon.
You had temporarily grown beastly horns.
You visited 1 branch of the dungeon, and saw 1 of its levels.

You collected 68 gold pieces.

Inventory:

Hand Weapons
 e - a +0 short sword of freezing
Armour
 a - a +0 robe (worn)
Scrolls
 c - a scroll of identify {unknown}
Potions
 b - a potion of lignification
 d - a potion of flight {unknown}
 f - a potion of brilliance {unknown}


   Skills:
 * Level 1.5 Fighting
 + Level 2.4 Dodging
 * Level 3.2 Unarmed Combat
 * Level 1.8 Spellcasting


You couldn't memorise any spells.
You knew the following spells:

 Your Spells              Type           Power      Damage    Failure   Level
a - Beastly Appendage     Tmut           12%        N/A       12%         1
b - Wereblood             Tmut           6%         N/A       17%         2
c - Spider Form           Tmut/Pois      6%         N/A       34%         3
d - Ice Form              Ice/Tmut       6%         N/A       75%         4
Your spell library was empty.

Dungeon Overview and Level Annotations

Branches:
Dungeon (1/15)

Altars:


Innate Abilities, Weirdness & Mutations

You have temporarily grown beastly horns.
You are flying.
You are immune to sickness and miasma.
You are immune to poison.
Your flesh is very heat resistant. (rF++)
You are vulnerable to cold. (rC-)
You float through the air rather than walking.
You learn spells naturally, not from books.
Your magical power is your life essence.
You have superior vitality. (+4 MHP)


Message History

You are frozen.
You feel a terrible chill! The giant cockroach closely misses you.
You hit the giant cockroach but do no damage.
The giant cockroach is moderately wounded.
The giant cockroach barely misses you. The bat completely misses you.
The endoplasm barely misses you.
You hit the giant cockroach.
The giant cockroach is heavily wounded.
The bat misses you. The giant cockroach closely misses you.
The endoplasm freezes you.
You are frozen!
You feel a terrible chill!
* * * LOW HITPOINT WARNING * * *
The giant cockroach bites you but does no damage.
Cast which spell? (? or * to list)
You grow a pair of large bovine horns.
* * * LOW HITPOINT WARNING * * *
The bat barely misses you. The endoplasm misses you.
The giant cockroach misses you.
You hit the giant cockroach.
You kill the giant cockroach!
The bat barely misses you. The endoplasm freezes you.
You are frozen.
* * * LOW HITPOINT WARNING * * *
The bat hits you.
* * * LOW HITPOINT WARNING * * *
You hit the endoplasm.
You kill the endoplasm!
The bat closely misses you. The bat barely misses you.
You barely miss the bat. The bat barely misses you.
You barely miss the bat. You headbutt the bat, but do no damage.
The bat closely misses you.
You hit the bat. Your headbutt misses the bat.
The bat is moderately wounded.
The bat barely misses you.
You closely miss the bat. Your headbutt misses the bat.
The bat is moderately wounded.
The bat hits you.
You die...

.................)....#.
......................#
......................#
......................#
......................#
.....(................#
......................######
......................##...#
...............b@.....##...######
......................##.........
......................####.......
..#####.....####......# #.......
.## ....## #......# #....... .#
#.### #......# #....... ♣.♣ .#
.......# #....... .... ..
..#....# #....... ♣.♣## #.#
###....# #.......


You could see a bat.

Vanquished Creatures
  2 endoplasms (D:1)
  2 giant cockroaches (D:1)
  A goblin (D:1)
  A ball python (D:1)
  3 bats (D:1)
  5 kobolds (D:1)
  3 rats (D:1)
17 creatures vanquished.

Vanquished Creatures (others)
  4 toadstools (D:1)
4 creatures vanquished.

Grand Total: 21 creatures vanquished

Notes
Turn   | Place    | Note
-------+----------+-------------------------------------------
     0 | D:1      | Ast3rio the Djinni Transmuter began the quest for the Orb.
     0 | D:1      | Ast3rio set off with the following spells memorised:
                  | Beastly Appendage, Wereblood, Spider Form, Ice Form.
     0 | D:1      | Reached XP level 1. HP: 17/17 MP: 0/0
   345 | D:1      | Reached XP level 2. HP: 9/22 MP: 0/0
   986 | D:1      | HP: 1/22 [bat (1)]
   992 | D:1      | Slain by a bat

Illustrated notes

Levels and vault maps discovered:
D:1:      ldierk_walled_garden_2, layout_basic, serial_forest,
          infiniplex_forest_side_room, infiniplex_forest_lined_room_,
          infiniplex_forest_end_2, infiniplex_forest_lined_room_2,
          infiniplex_forest_zigzag_1, wad_floor_pattern_1

Action                   || total
-------------------------++-------
Melee: Unarmed           ||    91
       Punch             ||     2
       Headbutt          ||     1
 Cast: Beastly Appendage ||     1
Armor: Robe              ||    31
Dodge: Dodged            ||   118
